 Dungeon Crawl Stone Soup version 0.28.0-43-g3370ac3207 (console) character file.

Game seed: 7163240781320695714

1127 Zeor the Magician (level 8, -6/58 HPs)
             Began as a Djinni Cinder Acolyte on Mar 26, 2022.
             Was a High Priest of Ignis.
             Mangled by a hornet zombie (7 damage)
             ... on level 6 of the Dungeon.
             The game lasted 00:17:05 (7077 turns).

Zeor the Magician (Djinni Cinder Acolyte)           Turns: 7077, Time: 00:17:06

Health: -6/58      AC:  4    Str: 13    XL:     8   Next: 62%
Gold:   308        EV: 11    Int: 17    God:    Ignis [*****.] SH:  0 Dex: 16

rFire   + + +      SeeInvis .   a - -1 spear (flame)
rCold   x . .      Faith    .   (no shield)
rNeg    . . .      Spirit   .   u - +0 leather armour "Fuheagye" {Dex+6}
rPois   ∞          Reflect  .   (no helmet)
rElec   .          Harm     .   x - scarf {repulsion}
rCorr   .          Rampage  .   h - +0 pair of gloves
Will    +....                   (boots unavailable)
Stlth   ++........              i - amulet of the acrobat
HPRegen 0.19/turn               d - ring of wizardry
MPRegen 0.00/turn               q - ring of willpower

@: flying, repel missiles
A: sickness immunity, fire resistance 2, cold vulnerability 1, float, innate
caster, HP casting, extra vitality 1
a: Renounce Religion, Fiery Armour, Foxfire Swarm, Rising Flame


You were on level 6 of the Dungeon.
You worshipped Ignis.
Ignis was extremely pleased with you.
You visited 1 branch of the dungeon, and saw 6 of its levels.

You collected 308 gold pieces.

Inventory:

Hand Weapons
 a - a -1 spear of flaming (weapon)
 g - a +2 dagger of freezing
Missiles
 c - 81 arrows
 f - 5 poisoned darts
 l - 4 javelins
 m - 4 boomerangs
 w - 12 bolts
Armour
 h - a +0 pair of gloves (worn)
 u - the +0 leather armour "Fuheagye" (worn) {Dex+6}
   (You found it on level 5 of the Dungeon)

   Dex:       It affects your dexterity (+6).
 x - a scarf of repulsion (worn)
Jewellery
 d - a ring of wizardry (left hand)
 i - an amulet of the acrobat (around neck)
 q - a ring of willpower (right hand)
 t - a +6 ring of dexterity
Scrolls
 j - 2 scrolls of vulnerability
 k - a scroll of immolation
 n - 4 scrolls of teleportation
 v - a scroll of enchant weapon {unknown}
 y - 2 scrolls of fear
Potions
 b - 2 potions of haste
 e - 2 potions of cancellation
 o - 2 potions of brilliance
 r - a potion of heal wounds {unknown}
 s - a potion of attraction {unknown}
 A - a potion of might {unknown}


   Skills:
 + Level 3.8 Fighting
 + Level 3.2 Polearms
 + Level 2.1 Armour
 + Level 1.4 Dodging
 - Level 1.0 Stealth
 * Level 6.8 Spellcasting


You had 13 spell levels left.
You knew the following spells:

 Your Spells              Type           Power      Damage    Failure   Level
a - Scorch                Fire           58%        2d7       1%          2
b - Shock                 Conj/Air       100%       1d9       1%          1
c - Ensorcelled Hibernat  Hex/Ice        58%        N/A       1%          2
d - Static Discharge      Conj/Air       29%        N/A       1%          2
Your spell library was empty.

Dungeon Overview and Level Annotations

Branches:
Dungeon (6/15)             Temple (0/1) D:6

Altars:

Shops:
D:1 (   D:3 =

Annotations:
D:4 exclusions: ogre and wyvern
D:5 Eustachio


Innate Abilities, Weirdness & Mutations

You are immune to sickness and miasma.
You are immune to poison.
Your flesh is very heat resistant. (rF++)
You are vulnerable to cold. (rC-)
You float through the air rather than walking.
You learn spells naturally, not from books.
Your magical power is your life essence.
You have superior vitality. (+4 MHP)


Message History

The hornet zombie barely misses you. x2
Casting: Scorch (safe; 1% risk of failure)
Press: ? - help, Q - select action, (/) - cycle Dir - look around, f - activate Flames lash the hornet zombie.
The hornet zombie is burned terribly!
The hornet zombie is heavily damaged.
The hornet zombie barely misses you.
Unknown command.
You closely miss the hornet zombie.
The hornet zombie is heavily damaged.
The hornet zombie barely misses you.
You closely miss the hornet zombie.
The hornet zombie is heavily damaged.
The hornet zombie closely misses you.
You hit the hornet zombie but do no damage.
The hornet zombie is heavily damaged.
The hornet zombie hits you! The hornet zombie barely misses you.
You barely miss the hornet zombie.
The hornet zombie is heavily damaged.
The hornet zombie hits you!
You hit the hornet zombie but do no damage.
The hornet zombie is heavily damaged.
The hornet zombie barely misses you.
Casting: Scorch (safe; 1% risk of failure)
Press: ? - help, Q - select action, (/) - cycle Dir - look around, f - activate Flames lash the hornet zombie.
The hornet zombie is burned terribly!
The hornet zombie is severely damaged.
The hornet zombie hits you!
Casting: Scorch (safe; 1% risk of failure)
Press: ? - help, Q - select action, (/) - cycle Dir - look around, f - activate Flames lash the hornet zombie.
The hornet zombie is burned terribly!
The hornet zombie is almost destroyed.
* * * LOW HITPOINT WARNING * * *
The hornet zombie hits you!
* * * LOW HITPOINT WARNING * * *
The hornet zombie hits you.
* * * LOW HITPOINT WARNING * * *
You hit the hornet zombie but do no damage.
The hornet zombie is almost destroyed.
The hornet zombie hits you!
You die...

▒∙ ▒∙ ▒∙▒ ∙∙ ∙ ▒∙ ▒▒∙
▒▒▒▒▒▒▒▒ ▒∙▒▒▒∙∙
▒▒∙∙∙∙∙∙▒∙ ▒∙†▒▒∙▒
▒▒∙∙∙∙∙∙∙∙∙ ▒R▒▒∙▒
▒∙∙∙∙∙∙∙∙∙∙ ▒Z∙▒∙▒
▒∙∙∙∙∙∙∙∙∙∙ ▒▒∙▒∙▒
▒∙[∙∙∙∙∙∙∙[
▒▒▒▒▒▒∙▒∙▒▒▒∙∙∙∙∙∙∙∙∙∙


∙∙Z∙∙∙∙∙∙∙∙∙∙∙∙∙∙∙∙∙∙∙∙ ▒▒∙∙∙∙∙∙▒▒▒▒▒∙∙∙∙∙∙∙∙∙▒ ▒∙▒▒▒▒∙▒▒▒▒▒∙∙∙∙∙∙∙∙∙▒ ▒
▒∙∙▒▒∙∙∙∙∙∙∙∙∙∙∙∙ ▒▒∙▒▒∙▒∙[∙∙∙∙∙∙∙∙ You could see a hornet zombie (combustible).

Vanquished Creatures
  2 water moccasins
  2 necrophages (D:6)
  A phantom (D:5)
  A scorpion (D:6)
  A howler monkey (D:5)
  A bullfrog zombie (D:6)
  A centaur zombie (D:6)
  4 hounds
  3 jellies
  A bullfrog skeleton (D:5)
  A centaur skeleton (D:5)
  An iguana (D:4)
  3 gnolls (D:5)
  8 adders
  2 ufetubi (D:4)
  3 dart slugs
  3 worms
  6 orcs
  6 ball pythons
  8 endoplasms
  4 giant cockroaches
  11 goblins
  5 hobgoblins
  8 jackals (D:3)
  5 kobolds
  2 quokkas
  9 bats
  A frilled lizard (D:3)
  6 rats
109 creatures vanquished.

Vanquished Creatures (others)
  4 foxfires (D:1)
4 creatures vanquished.

Grand Total: 113 creatures vanquished

Notes
Turn   | Place    | Note
-------+----------+-------------------------------------------
     0 | D:1      | Zeor the Djinni Cinder Acolyte began the quest for the Orb.
     0 | D:1      | Reached XP level 1. HP: 20/20 MP: 0/0
   156 | D:1      | Reached XP level 2. HP: 25/25 MP: 0/0
   404 | D:1      | Found a faded altar of an unknown god.
   709 | D:1      | Reached XP level 3. HP: 26/30 MP: 0/0
   709 | D:1      | Learned a level 1 spell: Shock
   861 | D:1      | Found Orpharr's Antique Weapon Shoppe.
  1309 | D:2      | Reached skill level 3 in Spellcasting
  1394 | D:2      | Reached XP level 4. HP: 30/35 MP: 0/0
  2482 | D:3      | Reached XP level 5. HP: 13/40 MP: 0/0
  2482 | D:3      | Learned a level 2 spell: Ensorcelled Hibernation
  2921 | D:3      | Found Taigro's Jewellery Shoppe.
  3207 | D:3      | Reached skill level 4 in Spellcasting
  3997 | D:4      | Reached XP level 6. HP: 35/46 MP: 0/0
  4303 | D:4      | Noticed a wyvern
  4516 | D:4      | Noticed an ogre
  5255 | D:5      | Entered Level 5 of the Dungeon
  5504 | D:5      | Identified the +0 leather armour "Fuheagye" {Dex+6}
  5529 | D:5      | Noticed a water moccasin
  5552 | D:5      | Killed a water moccasin
  5553 | D:5      | Reached skill level 5 in Spellcasting
  5553 | D:5      | Reached XP level 7. HP: 33/50 MP: 0/0
  5553 | D:5      | Learned a level 2 spell: Static Discharge
  5694 | D:5      | Reached skill level 1 in Dodging
  5740 | D:5      | Noticed Eustachio
  6428 | D:6      | Found a staircase to the Ecumenical Temple.
  6448 | D:6      | Reached skill level 1 in Armour
  6448 | D:6      | Reached skill level 1 in Stealth
  6448 | D:6      | Reached skill level 6 in Spellcasting
  6448 | D:6      | Reached XP level 8. HP: 23/58 MP: 0/0
  7076 | D:6      | HP: 1/58 [hornet zombie (6)]
  7077 | D:6      | Mangled by a hornet zombie

Illustrated notes

Levels and vault maps discovered:
D:1:      tarquinn_simple_flora_water_a, layout_basic,
          ebering_ecumenical_altar_abandoned, serial_shops, shop
D:2:      layout_loops_ring, serial_rivers, chequers_serial_rivers_small_a,
          chequers_serial_rivers_micro_a, chequers_serial_rivers_room_a,
          chequers_serial_rivers_room_a
D:3:      layout_loops_ring, gup_sewer_entry_spiral, serial_shops, shop
D:4:      layout_loops_corners
D:5:      layout_rooms, uniq_eustachio
D:6:      layout_rooms, minmay_temple_entry_junction

Skill      XL: |  1  2  3  4  5  6  7  8 |
---------------+-------------------------+-----
Spellcasting   | 3 4 5 6 |  6.8
Polearms       | 3 |  3.2
Dodging        | 1 |  1.4
Armour         | 1 2 |  2.1
Stealth        | 1 |  1.0
Fighting       | |  3.8

Action                   |  1- 3 |  4- 6 |  7- 9 || total
-------------------------+-------+-------+-------++-------
Melee: Spear             |    22 |    44 |    50 ||   116
       Punch             |       |     1 |     1 ||     2
 Cast: Scorch            |    18 |    82 |    36 ||   136
       Shock             |     7 |     6 |     7 ||    20
       Static Discharge  |       |       |     3 ||     3
       Ensorcelled Hiber |       |       |     1 ||     1
Invok: Foxfire Swarm     |     1 |       |       ||     1
  Use: Scroll            |       |     7 |     5 ||    12
Armor: Robe              |     3 |    11 |       ||    14
       Leather armour    |       |       |    15 ||    15
Dodge: Dodged            |    15 |    39 |    47 ||   101
